 Dungeon Crawl Stone Soup version 0.31-a0-662-g684573625c (console) character file.

Game seed: 10098556430354003655

2 petzl the Sneak (level 1, -1/18 HPs)
             Began as a Formicid Delver on Aug 31, 2023.
             Slain by an orc
             ... wielding a +0 mace
              (2 damage)
             ... on level 7 of the Dungeon.
             The game lasted 00:02:13 (409 turns).

petzl the Sneak (Formicid Delver)                    Turns: 409, Time: 00:02:15

Health: -1/18      AC:  3    Str: 16    XL:     1   Next: 33%
Magic:  1/1        EV: 12    Int:  9    God:
Gold:   43         SH:  0    Dex: 15    Spells: 1/1 levels left

rFire   . . .        a - +0 mace
rCold   . . .        (no shield)
rNeg    . . .        b - +0 leather armour
rPois   .            (helmet unavailable)
rElec   .            l - scarf {repulsion}
rCorr   .            (no gloves)
SInv    +            (no boots)
Will    .....        (no amulet)
Stlth   +++          (no ring)
HPRegen 0.23/turn    (no ring)
MPRegen 0.07/turn

%: repel missiles
@: no status effects
A: permanent stasis, dig shafts and tunnels, antennae 3, four strong arms
a: Dig, Shaft Self


You were on level 7 of the Dungeon.
You visited 1 branch of the dungeon, and saw 4 of its levels.

You collected 43 gold pieces.

Inventory:

Hand Weapons
 a - a +0 mace (weapon)
Missiles
 h - 2 poisoned darts
 j - 3 boomerangs
Armour
 b - a +0 leather armour (worn)
 l - a scarf of repulsion (worn)
Wands
 f - a wand of digging (3)
 i - a wand of flame (8)
Scrolls
 c - a scroll of fog
 d - a scroll of revelation
 e - a scroll of fear
 g - 2 scrolls of identify {unknown}
 k - a scroll of torment {unknown}
 m - a scroll of poison {unknown}


   Skills:
 - Level 3.2 Fighting
 - Level 2.0 Maces & Flails
 - Level 1.7 Dodging
 - Level 6.0 Stealth
 + Level 0.6 Spellcasting


You had one spell level left.
You didn't know any spells.
Your spell library contained the following spells:

 Spells                   Type           Power      Damage    Failure   Level
 Cause Fear               Hex            0%         N/A       99%         4
 Fireball                 Conj/Fire      0%         3d3       100%        5
 Dragon's Call            Summ           0%         N/A       100%        9


Dungeon Overview and Level Annotations

Branches:
Dungeon (8/15)
 Temple: D:4-7         Lair: D:8-11

Altars:

Annotations:
D:7 Joseph


Innate Abilities, Weirdness & Mutations

You cannot be hasted, slowed, berserked, paralysed or teleported.
You can dig through walls and to a lower floor.
You have a pair of large antennae on your head. (SInv)
Your four strong arms can wield two-handed weapons with a shield.


Message History

You fall into a shaft and drop 1 floor!
The shaft crumbles and collapses.
Found a scroll labelled KASOYGHASUA and a glowing rapier.
There is a stone staircase leading down here.
You start resting.
HP restored.
An orc comes into view. It is wielding a +0 mace.
An orc comes into view. It is wielding a +0 whip.
An orc comes into view. It is wielding a +0 whip.
The orc shouts!
You see here a scroll labelled KASOYGHASUA.
m - a scroll labelled KASOYGHASUA
There is a stone staircase leading down here.
You climb downwards.
Level annotation: Joseph
There is a stone staircase leading up here.
There is a stone staircase leading up here.
You climb upwards.
The orc closely misses you. The orc hits you with a +0 mace!
There is a stone staircase leading down, spattered with blood here.
The orc hits you but does no damage.
You climb downwards.
Level annotation: Joseph
There is a stone staircase leading up here.
You closely miss the orc. The orc hits you with a +0 mace.
You hit the orc but do no damage. The orc hits you with a +0 mace.
* * * LOW HITPOINT WARNING * * *
Aiming: Throw Flame
Press: ? - help, Shift-Dir - straight line, f - orc
Aim: an orc, wielding a +0 mace and wearing a +0 chain mail (77% to hit)
The puff of flame hits the orc.
The orc is severely wounded.
The orc hits you with a +0 mace.
* * * LOW HITPOINT WARNING * * *
Aiming: Throw Flame
Press: ? - help, Shift-Dir - straight line, f/p - orc
Aim: an orc, wielding a +0 mace and wearing a +0 chain mail (severely wounded, 77% to hit)
The puff of flame hits the orc but does no damage.
The orc is severely wounded.
The orc hits you with a +0 mace.
You die...

#.# ###.##
#....#
#.##...)#
#.##....#
#.##....#
#.##....#
##.##....#
#######
##.####'##
#...o@#
##.####.####
###.###
##.........#
#.#
.....##.##.#
#.#
.....##.##.#
#.#
.....##.##.#
#.#
.....##.##.#
#.#
.....##.##.#
#..
.[...##.##.#
###
........##.#
####..# #.#
###.# #.#
##.. #.#
...#######.#
#..........#
#.##########
#.### #>..#
#.#.#


You could see an orc.

Vanquished Creatures
  An orc (D:7)
1 creature vanquished.

Notes
Turn   | Place    | Note
-------+----------+-------------------------------------------
     0 | D:5      | petzl the Formicid Delver began the quest for the Orb.
     0 | D:5      | Reached XP level 1. HP: 18/18 MP: 1/1
    11 | D:5      | Noticed an iguana
    24 | D:5      | Noticed a black bear
    28 | D:5      | You fall into a shaft and drop 2 floors!
   267 | D:7      | Noticed Joseph
   354 | D:6      | Noticed a sleepcap
   373 | D:5      | Noticed a howler monkey
   373 | D:5      | Noticed an orc wizard
   380 | D:5      | You fall into a shaft and drop 1 floor!
   409 | D:7      | Slain by an orc

Illustrated notes

Levels and vault maps discovered:
D:5:      layout_rooms, uniq_pikel
D:6:      gammafunk_wand_slinger, layout_rooms, tgw_kikubaaqudgha,
          ebering_ghost_sewer_d, nicolae_the_louvre
D:7:      layout_basic, roderic_roman_lattice, uniq_joseph
D:8:      layout_cave_pools, serial_gnoll_camp, gnoll_camp_mini_house,
          gnoll_camp_mini_hut, gnoll_camp_mini_hut, gnoll_camp_mini_doghouse,
          gnoll_camp_mini_hut

Action                     || total
---------------------------++-------
  Melee: Mace              ||     4
Ability: Shaft Self        ||     2
  Evoke: Wand              ||     2
 Armour: Leather armour    ||    13
  Dodge: Dodged            ||    15

Table legend: (Time is in decaauts)
 A = Elapsed time spent in this place.
 B = Non-inter-level travel time spent in this place.
 C = Inter-level travel time spent in this place.
 D = Time resting spent in this place.
 E = Time spent auto-exploring this place.
 F = Levels seen in this place.
 G = Mean time per level.
                   A        B        C        D        E       F      G
               +--------+--------+--------+--------+--------+-----+--------+
         Total |    409 |    409 |      0 |     55 |    155 |   4 |  102.2 |
       Dungeon |    409 |    409 |      0 |     55 |    155 |   4 |  102.2 |
               +--------+--------+--------+--------+--------+-----+--------+

Top non-repeatable levels by time:
     D:7: 281 daAuts
     D:6: 50 daAuts
     D:8: 42 daAuts
     D:5: 34 daAuts
